 Dungeon Crawl Stone Soup version 0.19-a0-36-g4a0968a (webtiles) character file.

11743 jyri the Brawler (level 11, -6/82 HPs)
             Began as a Ghoul Monk on May 3, 2016.
             Was the Champion of Makhleb.
             Mangled by a skeletal warrior
             ... wielding a +0 trident
             ... led by a skeletal warrior
              (13 damage)
             ... on level 11 of the Dungeon.
             The game lasted 01:20:14 (13209 turns).

jyri the Brawler (Ghoul Monk)                      Turns: 13209, Time: 01:20:14

Health: -6/82      AC: 11    Str: 18    XL:     11   Next: 82%
Magic:  16/16      EV: 11    Int:  5    God:    Makhleb [******]
Gold:   373        SH:  0    Dex: 12    Spells: 0 memorised, 10 levels left

rFire  . . .     SeeInvis .       - Unarmed
rCold  + + .     Gourm    .     I - +3 ring mail
rNeg   + + +     Faith    +     (no shield)
rPois  ∞         Spirit   .     e - +0 helmet
rElec  .         Dismiss  .     d - +0 cloak {MR+}
rCorr  .         Reflect  .     (no gloves)
SustAt .         Harm     .     Q - +0 pair of boots
MR     +....                    U - amulet of faith
Stlth  +.........               D - ring of flight
                                p - ring of protection from cold

@: rotting, somewhat resistant to hostile enchantments, very unstealthy
A: rotting body, claws 1, carnivore 3, cold resistance 1, negative energy
resistance 3, slow regeneration 1, torment resistance, unbreathing
a: Minor Destruction, Lesser Servant of Makhleb, Major Destruction, Greater
Servant of Makhleb, Renounce Religion, Evoke Flight


You were on level 11 of the Dungeon.
You worshipped Makhleb.
Makhleb was exalted by your worship.
You were not hungry.

You visited 2 branches of the dungeon, and saw 12 of its levels.

You collected 544 gold pieces.
You spent 171 gold pieces at shops.

Inventory:

Hand Weapons
 b - a +0 shortbow of flaming
Missiles
 c - 153 arrows
Armour
 d - a +0 cloak of magic resistance (worn)
 e - a +0 helmet (worn)
 j - a +0 chain mail
 I - a +3 ring mail (worn)
 Q - a +0 pair of boots (worn)
 V - a steam dragon hide
Jewellery
 p - a ring of protection from cold (left claw)
 D - a ring of flight (right claw)
 U - an amulet of faith (around neck)
Wands
 g - a wand of acid (0/15)
 k - a wand of confusion (29/48)
 l - a wand of slowing (17/48)
 s - a wand of slowing (7/48)
 t - a wand of polymorph (6/24)
 u - a wand of random effects (19/48)
 x - a wand of iceblast (3/15)
 E - a wand of enslavement (8/24)
 R - a wand of slowing (35/48)
Scrolls
 h - 4 scrolls of recharging
 i - a scroll of teleportation
 m - a scroll of noise {unknown}
 o - 4 scrolls of enchant armour
 r - 4 scrolls of amnesia
 v - 2 scrolls of remove curse
 y - a scroll of magic mapping {unknown}
 P - a scroll of immolation {unknown}
 S - 2 scrolls of fear {unknown}
 T - 3 scrolls of brand weapon
 W - 2 scrolls of vulnerability {unknown}
 X - a scroll of torment {unknown}
Potions
 a - 2 potions of flight
 n - a potion of degeneration {unknown}
 z - a potion of cancellation {unknown}
 B - 2 potions of haste
 C - 2 potions of might
 F - a potion of agility
 G - a potion of magic {unknown}
 H - a potion of resistance {unknown}
 J - a potion of brilliance {unknown}
 L - 2 potions of invisibility
 N - 3 potions of curing
 O - a potion of ambrosia {unknown}
Comestibles
 f - 3 meat rations
 w - 2 slices of pizza
 A - 2 royal jellies
 K - 4 chunks of flesh
 M - 10 beef jerkies


   Skills:
 - Level 3.2 Fighting
 + Level 7.4 Bows
 - Level 2.6 Dodging
 - Level 2.1 Stealth
 - Level 15.3 Unarmed Combat
 + Level 9.2 Invocations


You had 10 spell levels left.
You didn't know any spells.

Dungeon Overview and Level Annotations

Branches:
Dungeon (11/15)            Temple (1/1) D:5            Lair (0/8) D:10
    Orc: D:9-12

Altars:
Ashenzari
Cheibriados
Dithmenos
Fedhas
Gozag
Kikubaaqudgha
Makhleb
Nemelex Xobeh
Okawaru
Pakellas
Qazlal
Ru
Sif Muna
Trog
Vehumet
Xom
Yredelemnul
Zin
The Shining One

Shops:
D:7 *   D:8 :*

Annotations:
D:2 Sigmund
D:5 1 runed door
D:8 Erolcha
D:10 Nergalle


Innate Abilities, Weirdness & Mutations

Your body is rotting away.
You thrive on raw meat.
You are immune to poison.
You have sharp fingernails.
You are carnivorous and can eat meat at any time.
Your flesh is cold resistant.
You are immune to negative energy.
You regenerate slowly when monsters are visible.
You are immune to unholy pain and torment.
You can survive without breathing.


Message History

The skeletal warrior is almost destroyed.
The skeletal warrior closely misses you.
You scratch the skeletal warrior.
The skeletal warrior is almost destroyed.
You scratch the skeletal warrior.
The skeletal warrior is almost destroyed.
The skeletal warrior barely misses you.
You barely miss the skeletal warrior.
The skeletal warrior is almost destroyed.
The skeletal warrior closely misses you.
Your ring mail prevents you from hitting the skeletal warrior.
The skeletal warrior is almost destroyed.
You scratch the skeletal warrior but do no damage.
The skeletal warrior is almost destroyed.
The skeletal warrior hits you with a trident!
* * * LOW HITPOINT WARNING * * *
You barely miss the skeletal warrior. You claw the skeletal warrior.
The skeletal warrior is almost destroyed.
The skeletal warrior hits you with a trident!
You die...

#.####. #.# #. #.# #.
#.# #.
##################.####.
.(...............#......
.(...............)......
...(......##.....#......
....(.z@..##.....#......
########..##.....#......
#..##.....#......
#.........'......
#.........#######
#..##.....##....#
#..##.....##....#
.................#
#.................#


You could see a skeletal warrior.

Vanquished Creatures
  The ghost of namelastname112 the Destroyer, a novice DrCj of Ashenzari (D:8)
  2 hill giants
  Maurice (D:8)
  Joseph (D:8)
  A gargoyle (D:11)
  A centaur skeleton (D:10)
  A komodo dragon (D:10)
  6 yaks
  3 hippogriffs
  A hungry ghost (D:11)
  2 steam dragons
  A water moccasin (D:9)
  Duvessa (D:4)
  5 sky beasts
  2 orc warriors
  An eye of draining (D:8)
  2 ice beasts
  6 ogres
  A phantom (D:8)
  3 crocodiles
  6 centaurs
  3 big kobolds
  6 giant frogs
  A wyvern zombie (D:10)
  A wyvern skeleton (D:7)
  2 scorpions
  Dowan (D:4)
  5 killer bees
  16 wights
  4 howler monkeys
  3 electric eels
  The ghost of M4edhros the Grave Robber, a weakling OpNe (D:6)
  9 crimson imps
  2 quasits
  13 hounds
  2 jellies
  A wasp zombie (D:8)
  5 orc priests
  3 giant frog skeletons
  6 iguanas
  10 orc wizards
  9 worker ants
  A hound zombie (D:8)
  3 hound skeletons
  A howler monkey zombie (D:6)
  A worker ant zombie (D:10)
  14 adders
  12 gnolls
  3 oozes
  5 adder skeletons
  3 worms
  3 dart slugs
  7 giant geckos
  17 orcs
  4 giant cockroaches
  6 goblins
  6 hobgoblins
  15 jackals
  7 quokkas
  8 bats
  3 giant newts
  18 kobolds
  5 rats
  A plant (D:6)
294 creatures vanquished.

Vanquished Creatures (others)
  Erica (D:8)
  3 plants (D:6)
4 creatures vanquished.

Grand Total: 298 creatures vanquished

Notes
Turn   | Place    | Note
--------------------------------------------------------------
     0 | D:1      | jyri the Ghoul Monk began the quest for the Orb.
     0 | D:1      | Reached XP level 1. HP: 19/19 MP: 0/0
   177 | D:1      | Reached XP level 2. HP: 26/26 MP: 1/1
   206 | D:1      | Reached skill level 5 in Unarmed Combat
   464 | D:1      | Reached XP level 3. HP: 31/31 MP: 2/2
  1129 | D:2      | Noticed a water elemental
  1130 | D:2      | Found a stormy altar of Qazlal.
  1131 | D:2      | Noticed an air elemental
  1132 | D:2      | Noticed an earth elemental
  1132 | D:2      | Noticed a fire elemental
  1277 | D:2      | Reached skill level 6 in Unarmed Combat
  1277 | D:2      | Reached XP level 4. HP: 33/38 MP: 3/3
  1299 | D:2      | Noticed Sigmund
  1754 | D:3      | Found a glowing golden altar of the Shining One.
  1754 | D:3      | Found a deep blue altar of Sif Muna.
  1852 | D:3      | Reached XP level 5. HP: 37/45 MP: 4/4
  1869 | D:4      | Noticed an ogre
  2033 | D:4      | Reached skill level 7 in Unarmed Combat
  2351 | D:4      | Reached XP level 6. HP: 50/50 MP: 5/5
  2469 | D:4      | Reached skill level 8 in Unarmed Combat
  2843 | D:4      | Reached XP level 7. HP: 56/56 MP: 6/6
  2973 | D:5      | Entered Level 5 of the Dungeon
  2982 | D:4      | Reached skill level 9 in Unarmed Combat
  3170 | D:5      | Noticed Duvessa
  3172 | D:5      | Noticed Dowan
  3214 | D:4      | Killed Dowan
  3344 | D:4      | Reached skill level 10 in Unarmed Combat
  3486 | D:4      | Killed Duvessa
  3559 | D:4      | Reached XP level 8. HP: 32/61 MP: 7/7
  3809 | D:5      | Reached skill level 11 in Unarmed Combat
  3930 | D:5      | Found a glowing silver altar of Zin.
  3930 | D:5      | Noticed an angel
  3936 | D:5      | Found a runed door.
  4282 | D:5      | Found a staircase to the Ecumenical Temple.
  4291 | Temple   | Entered the Ecumenical Temple
  4773 | D:6      | Noticed M4edhros's ghost (weakling OpNe)
  4787 | D:6      | Killed M4edhros's ghost
  4803 | D:6      | Reached skill level 12 in Unarmed Combat
  4884 | D:6      | Found a bloodstained altar of Trog.
  5154 | D:6      | Reached XP level 9. HP: 70/70 MP: 8/8
  5673 | D:6      | Reached skill level 13 in Unarmed Combat
  5746 | D:6      | Found a burning altar of Makhleb.
  5748 | D:6      | Found a glowing silver altar of Zin.
  5749 | D:6      | Noticed a green death
  5749 | D:6      | Noticed an angel
  5766 | D:6      | Became a worshipper of Makhleb the Destroyer
  5766 | D:6      | Reached * piety under Makhleb
  5766 | D:6      | Reached ** piety under Makhleb
  5801 | D:6      | Found a basalt altar of Yredelemnul.
  5803 | D:6      | Found an ancient bone altar of Kikubaaqudgha.
  6416 | D:7      | Reached skill level 14 in Unarmed Combat
  7022 | D:7      | Reached *** piety under Makhleb
  7142 | D:7      | Found Ewourilu's Assorted Antiques.
  7147 | D:7      | Bought a scroll of identify for 58 gold pieces
  7147 | D:7      | Bought a scroll labeled UDOYNAO VEHUDASTRE for 29 gold pieces
  7147 | D:7      | Bought a scroll of identify for 58 gold pieces
  7147 | D:7      | Bought a silvery potion for 26 gold pieces
  7266 | D:7      | Reached XP level 10. HP: 77/77 MP: 9/9
  7512 | D:8      | Found Weur's Book Shop.
  7516 | D:8      | Noticed namelastname112's ghost (novice DrCj)
  7548 | D:8      | Killed namelastname112's ghost
  7548 | D:8      | Reached skill level 15 in Unarmed Combat
  7562 | D:8      | Noticed Erica
  7880 | D:8      | Noticed a hill giant
  7923 | D:8      | Killed a hill giant
  8097 | D:8      | Noticed Erolcha
  8280 | D:8      | Noticed Maurice
  8901 | D:8      | Noticed Joseph
  8925 | D:8      | Killed Joseph
  9042 | D:8      | Found Ecrymaph's General Store.
  9420 | D:8      | Killed Erica
  9420 | D:8      | Reached skill level 5 in Invocations
  9663 | D:7      | Reached **** piety under Makhleb
  9809 | D:8      | Killed Maurice
  9809 | D:8      | Reached XP level 11. HP: 82/82 MP: 14/14
  9852 | D:8      | Reached skill level 5 in Bows
 10702 | D:10     | Entered Level 10 of the Dungeon
 11064 | D:9      | Found a snail-covered altar of Cheibriados.
 11076 | D:9      | Reached ***** piety under Makhleb
 11782 | D:10     | Noticed Nergalle
 11936 | D:11     | Noticed a cyclops
 12462 | D:10     | Found a staircase to the Lair.
 12651 | D:11     | Noticed a hill giant
 12664 | D:11     | Killed a hill giant
 13089 | D:11     | Reached ****** piety under Makhleb
 13169 | D:11     | Noticed a skeletal warrior
 13209 | D:11     | Mangled by a skeletal warrior

Vault maps used:
D:1:      dpeg_arrival_arbitrary_b
D:2:      nicolae_qazlal_style_of_elements, uniq_crazy_yiuf_cottage,
          uniq_sigmund
D:3:      lemuel_upstairs_altar, gammafunk_temple_overflow_wave, first_bread
D:4:      grunt_ministairs_1, grunt_decor_arrowhead
D:5:      minmay_temple_entry_mist, lemuel_angel_altar, uniq_duvessa
D:6:      grunt_temple_overflow_order_and_chaos_2,
          nicolae_overflow_hidden_temple, serial_bayou, serial_bayou_ford_a,
          serial_bayou_pond_d, serial_bayou_pond_c, serial_bayou_lagoon_a,
          bloody_trog
D:7:      serial_shops, kennysheep_little_box, grunt_ogre_cave,
          serial_bayou_pond_b
D:8:      elyvilon_altar_5, serial_shops, shop, shop_fountains,
          nicolae_shop_waterfront, kennysheep_mini_moat, shop_fountains,
          uniq_erica, uniq_joseph, uniq_erolcha, uniq_maurice
D:9:      cheibriados_altar_wand_db
D:10:     erik_lair_dragon, corexii_hall_statues_t, uniq_nergalle
D:11:     minmay_holes
Temple:   circular_temple_12

Skill      XL: |  1  2  3  4  5  6  7  8  9 10 11 |
---------------+----------------------------------+-----
Unarmed Combat | 5 6 7 8 10 12 14 15 | 15.3
Bows           | 4 7 |  7.4
Invocations    | 5 9 |  9.2
Fighting       | |  3.2
Dodging        | |  2.6
Stealth        | |  2.1

Action                   |  1- 3 |  4- 6 |  7- 9 | 10-12 || total
-------------------------+-------+-------+-------+-------++-------
Melee: Unarmed           |   106 |    81 |   317 |   515 ||  1019
       Punch             |       |     5 |    14 |    37 ||    56
       Shortbow          |       |       |       |     4 ||     4
 Fire: Hunting sling     |       |    18 |    51 |       ||    69
       Shortbow          |       |       |    94 |   139 ||   233
Invok: Lesser Servant of |       |       |       |     2 ||     2
       Minor Destruction |       |       |       |     1 ||     1
Evoke: Wand              |       |       |     5 |     3 ||     8
  Use: Scroll            |       |     3 |    11 |     2 ||    16
       Potion            |       |       |     1 |     4 ||     5
 Stab: Sleeping          |     4 |     1 |       |     1 ||     6
  Eat: Chunk             |    20 |    23 |    82 |    42 ||   167
       Meat ration       |       |       |       |     2 ||     2
Armor: Robe              |    20 |     9 |       |       ||    29
       Leather armour    |       |     4 |       |       ||     4
       Ring mail         |       |     5 |   105 |   156 ||   266
Dodge: Dodged            |    52 |    50 |   165 |   187 ||   454
